 Dungeon Crawl Stone Soup version 0.24-a0-582-g4d4af813a0 (webtiles) character file.

Game seed: 201301642405353499

24429 GameOver the Destroyer (level 13, -5/117 HPs)
             Began as a Naga Wizard on Aug 26, 2019.
             Was the Champion of Okawaru.
             Slain by a blink frog (14 damage)
             ... on level 4 of the Lair of Beasts.
             The game lasted 01:22:03 (12265 turns).

GameOver the Destroyer (Naga Wizard)               Turns: 12265, Time: 01:22:13

Health: -5/117     AC: 16    Str:  9    XL:     13   Next: 13%
Magic:  14/33      EV:  7    Int: 24    God:    Okawaru [******]
Gold:   335        SH:  4    Dex: 10    Spells: 13/27 levels left

rFire    . . .     SeeInvis +   w - +9 eveningstar
rCold    + . .     Gourm    .   y - +0 buckler
rNeg     . . .     Faith    .   q - +2 leather armour {rC+}
rPois    +         Spirit   .   b - +0 hat
rElec    .         Reflect  .   (no cloak)
rCorr    .         Harm     .   M - +0 pair of gloves
MR       ++...                  N - +1 naga barding "Osihocim" {Slay+2}
Stlth    ++++......             (no amulet)
HPRegen  0.29/turn              z - ring of magical power
MPRegen  0.23/turn              G - ring of protection from magic

@: very slightly contaminated, very slow
A: large, see invisible, deformed body, poison resistance, slowness 2, slow
metabolism 1, spit poison 1, constrict 1, AC +4
a: Spit Poison, Heroism, Finesse, Renounce Religion


You were on level 4 of the Lair of Beasts.
You worshipped Okawaru.
Okawaru was exalted by your worship.
You were hungry.

You visited 3 branches of the dungeon, and saw 16 of its levels.

You collected 997 gold pieces.
You spent 662 gold pieces at shops.

Inventory:

Hand Weapons
 s - a +2 trident of freezing
 w - a +9 eveningstar (weapon)
 I - a +4 dire flail
 O - a +0 whip of electrocution
 W - the +8 quarterstaff of Righteous Anger {vamp, rF- rN+++ Int+4 Stlth-}
   (Okawaru gifted it to you on level 11 of the Dungeon)

   It inflicts no extra harm, but heals its wielder when it wounds a living foe.
   It affects your intelligence (+4).
   It makes you vulnerable to fire.
   It renders you almost immune to negative energy.
   It makes you less stealthy.
Armour
 b - a +0 hat (worn)
 o - a +1 ring mail of fire resistance
 q - a +2 leather armour of cold resistance (worn)
 u - a +0 shield
 y - a +0 buckler (worn)
 K - a +1 leather armour of fire resistance
 M - a +0 pair of gloves (worn)
 N - the +1 naga barding "Osihocim" (worn) {Slay+2}
   (Okawaru gifted it to you on level 1 of the Lair of Beasts)

   It affects your accuracy and damage with ranged weapons and melee attacks
   (+2).
Jewellery
 h - a +3 ring of intelligence
 z - a ring of magical power (left hand)
 D - an uncursed ring of stealth
 G - a ring of protection from magic (right hand)
 S - an uncursed ring of ice
Wands
 v - a wand of disintegration (11)
 A - a wand of iceblast (17)
 L - a wand of acid (8)
Scrolls
 c - 9 scrolls of remove curse
 e - 2 scrolls of magic mapping
 j - a scroll of fear
 k - 4 scrolls of amnesia
 l - 2 scrolls of blinking
 n - a scroll of teleportation
 p - 4 scrolls of immolation
 x - 3 scrolls of fog
 B - 3 scrolls of enchant weapon
 R - a scroll of vulnerability {unknown}
 T - a scroll of brand weapon {unknown}
 U - 4 scrolls of noise {unknown}
Potions
 f - 2 potions of heal wounds
 g - 3 potions of resistance
 i - 4 potions of haste
 m - 2 potions of brilliance
 r - a potion of cancellation
 t - 3 potions of ambrosia
 C - a potion of mutation {unknown}
 E - a potion of curing
 F - 2 potions of flight
 H - 2 potions of agility
 J - 2 potions of degeneration {unknown}
Comestibles
 d - 20 rations


   Skills:
 + Level 8.0 Fighting
 + Level 7.0(7.2) Maces & Flails
 - Level 6.0(6.2) Polearms
 - Level 2.3(6.4) Staves
 - Level 6.0 Armour
 - Level 1.5 Dodging
 - Level 9.1 Stealth
 * Level 2.1 Shields
 + Level 7.6 Spellcasting
 * Level 9.4 Conjurations
 * Level 6.2 Charms
   Level 1.0 Summonings
 - Level 3.0 Translocations
 - Level 6.0 Poison Magic
 - Level 4.0 Invocations


You had 13 spell levels left.
You knew the following spells:

 Your Spells              Type           Power        Failure   Level  Hunger
a - Magic Dart            Conj           ####         1%          1    None
b - Blink                 Tloc           N/A          4%          2    None
d - Mephitic Cloud        Conj/Pois/Air  ####....     3%          3    None
f - Conjure Flame         Conj/Fire      ####....     4%          3    None
q - Iskenderun's Battles  Conj/Chrm      #####...     11%         5    #####..

Your spell library contained the following spells:

 Spells                   Type           Power        Failure   Level  Hunger
 Sting                    Conj/Pois      ####         1%          1    None
 Poisonous Vapours        Pois/Air       ###...       4%          2    None
 Olgreb's Toxic Radiance  Pois           #####...     8%          4    ###....
 Call Imp                 Summ           ##......     10%         2    None
 Venom Bolt               Conj/Pois      #####.....   11%         5    #####..
 Slow                     Hex            #.......     14%         2    None
 Bolt of Magma            Conj/Fire/Erth ###.......   58%         5    #####..
 Orb of Destruction       Conj           ######....   86%         7    #######
 Iron Shot                Conj/Erth      ####......   91%         6    ######.
 Spellforged Servitor     Conj/Summ      ####......   100%        7    #######


Dungeon Overview and Level Annotations

Branches:
Dungeon (11/15)            Temple (1/1) D:6            Lair (4/6) D:11
  Swamp (0/4) Lair:2        Snake (0/4) Lair:3          Orc (0/2) D:10

Altars:
Ashenzari
Cheibriados
Dithmenos
Elyvilon
Fedhas
Gozag
Hepliaklqana
Kikubaaqudgha
Makhleb
Nemelex Xobeh
Okawaru
Qazlal
Ru
Sif Muna
Trog
Uskayaw
Vehumet
Wu Jian
Xom
Zin
The Shining One
Beogh

Shops:
D:4 :   D:8 (((*}   D:10 (

Annotations:
Lair:4 exclusion: oklob plant


Innate Abilities, Weirdness & Mutations

You cannot wear boots.
Your serpentine skin is tough. (AC +4)
You have supernaturally acute eyesight. (SInv)
Armour fits poorly on your strangely shaped body.
Your system is resistant to poisons. (rPois)
You cover ground very slowly.
You have a slow metabolism.
You can spit poison.
You can use your snake-like lower body to constrict enemies.


Message History

The blink frog hits you.
* * * LOW HITPOINT WARNING * * *
The blink frog blinks!
The blink frog is engulfed in noxious fumes.
The dream sheep is engulfed in noxious fumes.
The dream sheep appears confused.
The dream sheep is engulfed in noxious fumes.
The dream sheep barely misses the dream sheep.
The dream sheep bites itself.
The dream sheep is engulfed in noxious fumes.
The dream sheep appears confused.
Unknown command.
You feel better.
The blink frog is engulfed in noxious fumes.
The blink frog appears confused.
The blink frog is engulfed in noxious fumes.
The blink frog appears confused.
The dream sheep bites the blink frog.
The blink frog is engulfed in noxious fumes.
The blink frog hits you!
You die...

...## #... #.##......
#...## ...# #.#.#.....
##...## ##...
##.###.... ###...##
#...? ####.## #.#.# #
##.!.## ##...##
#.P...# ##.## #
##...## #.....#
#...P## #.# #
##...####*...####....#
#.## ##
#....#.##....##...###
##.# P#
#.#...#.#☼○@.#...##
#.P ##
##.#....#§☼F....P# #..
### ####F..#°☼F.....#
#.. #P# ##..F#☼YY..###
P.. ..# #...○○Y...#
... .## ###...........
... .## #P/..........
.... ÷.##
#.......##..... . ...#
#......÷.##....


P You could see 3 blink frogs, 3 dream sheep and a friendly battlesphere.

Vanquished Creatures
  Gastronok (Lair:3)
  A hydra (Lair:4)
  Fannar (Lair:3)
  Harold (Lair:1)
  Erica (Lair:2)
  2 two-headed ogres
  Urug (Lair:2)
  An unseen horror (D:11)
  Pikel (D:9)
  A cyclops (D:11)
  4 spiny frogs
  A kobold demonologist (D:11)
  3 komodo dragons
  2 trolls
  A hornet (Lair:4)
  3 dream sheep (Lair:4)
  12 blink frogs
  6 hippogriffs
  Grum (D:11)
  17 yaks
  3 basilisks
  2 hungry ghosts
  9 water moccasins
  3 porcupines (Lair:1)
  Duvessa (D:6)
  4 orc warriors
  3 ice beasts
  3 sky beasts
  2 black bears
  8 wolves
  A necrophage (D:6)
  2 ogres
  5 centaurs
  11 crocodiles
  4 big kobolds
  Blork the orc (D:6)
  16 bullfrogs
  Dowan (D:6)
  10 scorpions
  6 killer bees
  12 wights
  An electric eel (Lair:2)
  A centaur zombie (D:9)
  3 crimson imps
  A quasit (D:11)
  A bullfrog skeleton (D:4)
  4 hounds
  3 jellies
  7 orc priests
  11 orc wizards
  6 iguanas
  4 worker ants
  A hound skeleton (D:11)
  A worker ant zombie (D:6)
  15 adders
  7 gnolls
  A river rat (D:11)
  4 shadow imps
  4 oozes
  A worm (D:2)
  2 dart slugs (D:2)
  2 leopard geckos
  36 orcs
  5 bats
  3 giant cockroaches
  5 goblins
  5 hobgoblins (D:1)
  4 jackals (D:3)
  6 quokkas
  A ball python (D:1)
  4 frilled lizards
  23 kobolds
  A leopard gecko skeleton (D:4)
  A quokka skeleton (D:8)
  7 rats
349 creatures vanquished.

Vanquished Creatures (others)
  An orc priest (D:9)
  An orc wizard (D:9)
  An orc (D:9)
  2 fungi (Lair:2)
5 creatures vanquished.

Grand Total: 354 creatures vanquished

Notes
Turn   | Place    | Note
-------+----------+-------------------------------------------
     0 | D:1      | GameOver the Naga Wizard began the quest for the Orb.
     0 | D:1      | Reached XP level 1. HP: 15/15 MP: 4/4
   108 | D:1      | Reached XP level 2. HP: 7/22 MP: 0/6
   434 | D:1      | Reached XP level 3. HP: 28/28 MP: 3/7
   438 | D:1      | Learned a level 2 spell: Blink
   442 | D:1      | Learned a level 3 spell: Mephitic Cloud
  1484 | D:3      | Reached XP level 4. HP: 36/36 MP: 8/8
  1630 | D:3      | Found a sparkling altar of Nemelex Xobeh.
  1677 | D:3      | Learned a level 3 spell: Conjure Flame
  1679 | D:3      | Reached XP level 5. HP: 41/42 MP: 5/9
  1816 | D:3      | Reached skill level 5 in Conjurations
  1999 | D:4      | Found a shimmering altar of Xom.
  2065 | D:4      | Reached XP level 6. HP: 22/49 MP: 6/10
  2195 | D:4      | Reached skill level 1 in Poison Magic
  2199 | D:4      | Found Zihaol's Book Emporium.
  2238 | D:4      | Found a white marble altar of Elyvilon.
  2238 | D:4      | Found a glowing silver altar of Zin.
  2257 | D:4      | Noticed an ice beast
  2297 | D:4      | Found a shattered altar of Ashenzari.
  2448 | D:4      | Found a glowing golden altar of the Shining One.
  2554 | D:4      | Got a shimmering robe
  2601 | D:4      | Found a shimmering blue altar of Sif Muna.
  2609 | D:4      | Reached XP level 7. HP: 52/56 MP: 9/11
  2698 | D:4      | Found a burning altar of Makhleb.
  2698 | D:4      | Found a radiant altar of Vehumet.
  2707 | D:4      | Reached skill level 1 in Fighting
  2742 | D:4      | Identified the cursed +1 robe of Muttered Phrases {rPois
                  | rCorr Str+3 Dex+3} (You found it on level 4 of the Dungeon)
  2796 | D:5      | Entered Level 5 of the Dungeon
  3696 | D:6      | Found a staircase to the Ecumenical Temple.
  3707 | Temple   | Entered the Ecumenical Temple
  3756 | Temple   | Became a worshipper of Warmaster Okawaru
  3808 | D:6      | Reached skill level 1 in Armour
  3833 | D:6      | Reached skill level 5 in Stealth
  3989 | D:6      | Noticed Duvessa
  3989 | D:6      | Noticed Dowan
  4002 | D:6      | Killed Duvessa
  4002 | D:6      | Reached * piety under Okawaru
  4002 | D:6      | Reached XP level 8. HP: 53/67 MP: 6/13
  4005 | D:6      | Killed Dowan
  4339 | D:6      | Noticed Blork the orc
  4350 | D:6      | Killed Blork the orc
  4624 | D:7      | Reached skill level 5 in Poison Magic
  4987 | D:7      | Reached ** piety under Okawaru
  5160 | D:7      | Reached XP level 9. HP: 69/76 MP: 15/15
  5511 | D:8      | Noticed a two-headed ogre
  5532 | D:8      | Reached skill level 5 in Spellcasting
  5686 | D:8      | Found a roughly hewn altar of Beogh.
  5740 | D:8      | Reached skill level 1 in Polearms
  5902 | D:8      | Killed a two-headed ogre
  5902 | D:8      | Reached *** piety under Okawaru
  5902 | D:8      | Reached skill level 5 in Fighting
  5949 | D:8      | Found Simmo's General Store.
  5984 | D:8      | Reached XP level 10. HP: 56/88 MP: 11/18
  5990 | D:8      | Bought a scroll of identify for 32 gold pieces
  6016 | D:8      | You fall into a shaft and drop 1 floor!
  6042 | D:9      | Noticed Pikel
  6047 | D:9      | Reached **** piety under Okawaru
  6050 | D:9      | Killed Pikel
  6051 | D:9      | Reached skill level 5 in Polearms
  6159 | D:8      | Found Zonk's Antique Weapon Emporium.
  6252 | D:8      | Reached skill level 1 in Maces & Flails
  6505 | D:8      | Found Voczumol's Gadget Emporium.
  6555 | D:8      | Found Peoperoe's Weapon Emporium.
  6665 | D:8      | Found Bibbom's Weapon Shop.
  6844 | D:9      | Reached skill level 5 in Armour
  7215 | D:10     | Entered Level 10 of the Dungeon
  7356 | D:10     | Received a gift from Okawaru
  7437 | D:10     | Found a staircase to the Orcish Mines.
  7437 | D:10     | Noticed a two-headed ogre
  7445 | D:10     | Killed a two-headed ogre
  7445 | D:10     | Reached ***** piety under Okawaru
  7526 | D:10     | Found Yqauclet's Weapon Boutique.
  7547 | D:10     | Reached skill level 5 in Maces & Flails
  7578 | D:10     | Reached XP level 11. HP: 82/97 MP: 20/20
  7602 | D:10     | Reached skill level 1 in Invocations
  8196 | D:11     | Noticed a cyclops
  8229 | D:11     | Killed a cyclops
  8398 | D:11     | Found a staircase to the Lair.
  8461 | D:11     | Noticed an unseen horror
  8468 | D:11     | Noticed Grum
  8478 | D:11     | Killed an unseen horror
  8485 | D:11     | Killed Grum
  8680 | D:11     | Received a gift from Okawaru
  8681 | D:11     | Got a warped quarterstaff {god gift}
  8716 | D:11     | Identified the +8 quarterstaff of Righteous Anger {vamp,
                  | rF- rN+++ Int+4 Stlth-} (Okawaru gifted it to you on level
                  | 11 of the Dungeon)
  9317 | D:4      | Bought a book of Power for 630 gold pieces
  9323 | D:4      | Learned a level 5 spell: Iskenderun's Battlesphere
  9338 | D:4      | Reached skill level 1 in Staves
  9512 | Lair:1   | Entered Level 1 of the Lair of Beasts
  9546 | Lair:1   | Noticed Harold
  9580 | Lair:1   | Killed Harold
  9580 | Lair:1   | Reached skill level 1 in Charms
  9667 | Lair:1   | Received a gift from Okawaru
  9668 | Lair:1   | Got a bloodstained naga barding {god gift}
  9674 | Lair:1   | Identified the +1 naga barding "Osihocim" {Slay+2} (Okawaru
                  | gifted it to you on level 1 of the Lair of Beasts)
 10318 | Lair:2   | Noticed Erica
 10329 | Lair:2   | Reached XP level 12. HP: 104/106 MP: 11/22
 10349 | Lair:2   | Killed Erica
 10349 | Lair:2   | Reached ****** piety under Okawaru
 10382 | Lair:2   | Noticed Urug
 10570 | Lair:2   | Found a staircase to the Swamp.
 10760 | Lair:2   | Killed Urug
 11104 | Lair:3   | Noticed Gastronok
 11115 | Lair:3   | Killed Gastronok
 11195 | Lair:3   | Noticed Fannar
 11224 | Lair:3   | Killed Fannar
 11224 | Lair:3   | Reached skill level 5 in Charms
 11381 | Lair:3   | Received a gift from Okawaru
 11523 | Lair:3   | Found a staircase to the Snake Pit.
 11908 | Lair:4   | Reached skill level 1 in Shields
 11947 | Lair:4   | Noticed an eight-headed hydra
 11952 | Lair:4   | Killed an eight-headed hydra
 11952 | Lair:4   | Gained mutation: You can use your snake-like lower body to
                  | constrict enemies. [Naga growth]
 11952 | Lair:4   | Reached XP level 13. HP: 22/117 MP: 13/24
 11979 | Lair:4   | HP: 4/117 [dream sheep (22)]
 12261 | Lair:4   | HP: 5/117 [dream sheep (25)]
 12264 | Lair:4   | HP: 1/117 [blink frog (5)]
 12265 | Lair:4   | Slain by a blink frog

Levels and vault maps discovered:
D:1:      shiori_arrival_oz, layout_basic, minmay_3d_cube
D:2:      layout_loops_ring
D:3:      layout_loops_ring, lemuel_coloured_pillars_altar
D:4:      minmay_diamond_boxcup, layout_loops_cross,
          grunt_temple_overflow_lords_of_destruction, good_gods_temple_1,
          lemuel_round_altar, kennysheep_mini, xom_teletrap_fun, serial_shops,
          shop, first_ration
D:5:      layout_basic
D:6:      layout_loops_corners, minmay_temple_entry_glassed_door,
          bh_walls_and_bars, uniq_duvessa, uniq_blork_the_orc
D:7:      layout_basic
D:8:      layout_basic, serial_shops, shop, kennysheep_mini_moat,
          nicolae_shop_behind_doors, shop_statue, shop, special_room
          [special_room_orc]
D:9:      layout_roguey, uniq_pikel
D:10:     layout_layer_cave, orc_0_dummy, serial_shops,
          nicolae_shop_temple_entry_statues_fountains
D:11:     layout_loops_cross, david_lair_generic, pond, uniq_grum
Temple:   nicolae_temple_god_jail
Lair:1:   layout_gridlike, uniq_harold
Lair:2:   layout_gridlike, minmay_swamp_entry_reptiles, grunt_megastairs_3,
          infiniplex_staircase_pool, uniq_erica, uniq_urug
Lair:3:   layout_gridlike, dummy_snake_entry, uniq_gastronok, uniq_fannar
Lair:4:   layout_hall_layers, dpeg_oklob_1

Skill      XL: |  1  2  3  4  5  6  7  8  9 10 11 12 13 |
---------------+----------------------------------------+-----
Conjurations   | 2 3 4 5 6 7 9 |  9.4
Poison Magic   | 2 3 6 |  6.0
Stealth        | 4 5 6 8 9 |  9.1
Fighting       | 1 3 5 6 7 8 |  8.0
Armour         | 1 2 4 5 6 |  6.0
Translocations | 2 3 |  3.0
Spellcasting   | 4 5 6 7 |  7.6
Polearms       | 4 6 |  6.0
Maces & Flails | 5 6 7 |  7.0
Invocations    | 4 |  4.0
Staves         | 2 |  2.3
Charms         | 2 5 6 |  6.2
Shields        | 1 2 |  2.1
Dodging        | |  1.5
Summonings     | |  1.0

Action                   |  1- 3 |  4- 6 |  7- 9 | 10-12 | 13-15 || total
-------------------------+-------+-------+-------+-------+-------++-------
Melee: Club              |     2 |       |       |       |       ||     2
       Flail             |     2 |       |       |       |       ||     2
       Short sword       |     1 |    40 |    84 |       |       ||   125
       Unarmed           |     1 |       |       |       |       ||     1
       Spear             |       |       |   102 |       |       ||   102
       Trident           |       |       |    58 |   315 |     1 ||   374
       Quarterstaff      |       |       |       |   215 |     1 ||   216
       Whip              |       |       |       |     3 |       ||     3
       Punch             |       |       |       |     1 |       ||     1
       Eveningstar       |       |       |       |    27 |       ||    27
       Constrict         |       |       |       |       |     1 ||     1
 Cast: Magic Dart        |    36 |    30 |   112 |   130 |    29 ||   337
       Conjure Flame     |       |     2 |    11 |    32 |     2 ||    47
       Mephitic Cloud    |       |     4 |    19 |    76 |     5 ||   104
       Blink             |       |       |     2 |    15 |     4 ||    21
       Iskenderun's Batt |       |       |       |     3 |     5 ||     8
Invok: Heroism           |       |       |     1 |     5 |       ||     6
 Abil: Spit Poison       |    33 |    30 |    60 |    91 |     9 ||   223
Evoke: Wand              |       |       |     3 |       |       ||     3
  Use: Scroll            |     1 |     5 |     5 |     7 |     2 ||    20
       Potion            |       |       |     2 |     4 |     3 ||     9
 Stab: Sleeping          |     2 |     1 |     2 |     3 |       ||     8
       Confused          |       |       |    11 |    45 |       ||    56
       Paralysed         |       |       |     4 |       |       ||     4
  Eat: Chunk             |     2 |     6 |    12 |    22 |     3 ||    45
       Ration            |       |       |     1 |     1 |       ||     2
Armor: Robe              |     5 |     5 |    32 |     3 |       ||    45
       Leather armour    |       |       |       |    87 |     6 ||    93
       Skin              |       |       |       |     3 |       ||     3
       Ring mail         |       |       |       |    76 |       ||    76
Dodge: Dodged            |    12 |    31 |    81 |   137 |     3 ||   264

Table legend:
 A = Non-vault XP
 B = Vault XP
 C = Vault XP percentage of total XP
 D = Non-vault monster count
 E = Vault monster count
 F = Vault count percentage of total count
                 A         B        C        D         E       F
            +---------+---------+-------+---------+---------+-------
      Total |   25099 |    9800 |  28.1 |     280 |      69 |  19.8
            +---------+---------+-------+---------+---------+-------
        D:1 |      35 |       4 |  10.3 |      17 |       3 |  15.0
        D:2 |      39 |       0 |   0.0 |      12 |       0 |   0.0
        D:3 |     156 |       0 |   0.0 |      17 |       0 |   0.0
        D:4 |     426 |     166 |  28.0 |      14 |       7 |  33.3
        D:5 |      83 |       0 |   0.0 |       3 |       0 |   0.0
        D:6 |     520 |     319 |  38.0 |      15 |       3 |  16.7
        D:7 |     799 |       0 |   0.0 |      23 |       0 |   0.0
        D:8 |    2471 |     356 |  12.6 |      20 |      25 |  55.6
        D:9 |    1411 |     438 |  23.7 |      15 |       1 |   6.2
       D:10 |    2379 |       0 |   0.0 |      25 |       0 |   0.0
       D:11 |    3704 |    1649 |  30.8 |      53 |      13 |  19.7
     Lair:1 |    1654 |     928 |  35.9 |      10 |       1 |   9.1
     Lair:2 |    2022 |    2822 |  58.3 |      15 |      14 |  48.3
     Lair:3 |    4344 |    3118 |  41.8 |      22 |       2 |   8.3
     Lair:4 |    5056 |       0 |   0.0 |      19 |       0 |   0.0
            +---------+---------+-------+---------+---------+-------
